 Dungeon Crawl Stone Soup version 0.20-a0-1122-gb7cbeb9 (webtiles) character file.

1986 theAP the Basher (level 9, -2/59 HPs)
             Began as a Gargoyle Fighter on May 12, 2017.
             Was a Priest of Okawaru.
             Slain by a wight
             ... wielding a cursed +0 morningstar
              (6 damage)
             ... on level 7 of the Dungeon.
             The game lasted 00:09:51 (5761 turns).

theAP the Basher (Gargoyle Fighter)                 Turns: 5761, Time: 00:09:52

Health: -2/59      AC: 13    Str: 25    XL:     9   Next: 21%
Magic:  9/9        EV:  7    Int: 11    God:    Okawaru [***...]
Gold:   340        SH:  9    Dex:  9    Spells: 8/8 levels left

rFire    + . .     SeeInvis .   u - +0 morningstar
rCold    . . .     Gourm    .   c - +0 shield
rNeg     + . .     Faith    +   J - +0 scale mail "Zomi" {*Drain Str+2 Int+2}
rPois    ∞         Spirit   .   p - +0 helmet (curse)
rElec    +         Reflect  .   (no cloak)
rCorr    +         Harm     .   (no gloves)
MR       .....                  (no boots)
Stlth    ..........             x - amulet of faith
Regen    0.2/turn               A - ring of protection from fire
MPRegen  0.2/turn               m - ring of resist corrosion

@: no status effects
A: negative energy resistance 1, electricity resistance, unbreathing,
petrification resistance, rot immunity, AC +5
a: Heroism, Renounce Religion


You were on level 7 of the Dungeon.
You worshipped Okawaru.
Okawaru was most pleased with you.
You were not hungry.

You visited 1 branch of the dungeon, and saw 7 of its levels.

You collected 340 gold pieces.

Inventory:

Hand Weapons
 a - a +0 flail
 u - a +0 morningstar (weapon)
Armour
 b - a +0 scale mail
 c - a +0 shield (worn)
 p - a cursed +0 helmet (worn)
 y - a +0 chain mail
 I - a +0 cloak (quivered)
 J - the +0 scale mail "Zomi" (worn) {*Drain Str+2 Int+2}
   (You found it on level 6 of the Dungeon)

   It affects your strength (+2).
   It affects your intelligence (+2).
   It causes draining when unequipped.
Jewellery
 e - an uncursed ring of fire
 m - a ring of resist corrosion (right hand)
 w - an uncursed ring of wizardry
 x - an amulet of faith (around neck)
 A - a ring of protection from fire (left hand)
 E - an uncursed ring of ice {unknown}
Wands
 D - a wand of paralysis (10/24)
 H - a wand of confusion (38/48)
Scrolls
 j - 6 scrolls of identify {unknown}
 k - 2 scrolls of fog {unknown}
 l - 2 scrolls of recharging {unknown}
 q - 5 scrolls of remove curse {unknown}
 s - a scroll of amnesia {unknown}
 v - 6 scrolls of teleportation {unknown}
 C - a scroll of random uselessness {unknown}
 K - a scroll of vulnerability {unknown}
 L - a scroll of immolation {unknown}
 N - a scroll of torment {unknown}
Potions
 d - 2 potions of might
 h - a potion of lignification
 i - a potion of haste {unknown}
 o - 2 potions of agility
 t - a potion of cancellation {unknown}
 z - 2 potions of heal wounds {unknown}
 B - a potion of curing {unknown}
 F - a potion of resistance {unknown}
 M - a potion of flight {unknown}
Books
 r - a book of Misfortune

   Spells                             Type                      Level
   a - Confusing Touch                Hexes                        1
   b - Confuse                        Hexes                        3
   c - Gell's Gravitas                Translocation                3
   d - Petrify                        Transmutation/Earth          4
   e - Metabolic Englaciation         Hexes/Ice                    5
   f - Yara's Violent Unravelling     Hexes/Transmutation          5
Comestibles
 f - 9 bread rations
 g - 11 fruits
 n - a meat ration
 G - 2 royal jellies


   Skills:
 + Level 7.8 Fighting
 * Level 10.0 Maces & Flails
 - Level 3.2 Armour
 - Level 3.2 Shields


You had 8 spell levels left.
You didn't know any spells.

Dungeon Overview and Level Annotations

Branches:
Dungeon (7/15)             Temple (0/1) D:6

Altars:
Ashenzari
Cheibriados
Elyvilon
Gozag
Kikubaaqudgha
Okawaru
Trog
Xom
The Shining One

Annotations:
D:3 1 runed door


Innate Abilities, Weirdness & Mutations

You are resistant to torment.
Your stone body is resilient. (AC +5)
You are immune to poison.
You resist negative energy. (rN+)
You are resistant to electric shocks. (rElec)
You can survive without breathing.
You are immune to petrification.
You are immune to rotting.


Message History

The wight hits you with a morningstar.
* * * LOW HITPOINT WARNING * * *
The wight hits you but does no damage.
You closely miss the wight. You block the wight's attack.
The wight hits you with a morningstar!
* * * LOW HITPOINT WARNING * * *
You block the wight's attack. The wight hits you but does no damage.
You barely miss the wight. The wight hits you with a morningstar.
* * * LOW HITPOINT WARNING * * *
You block the wight's attack. The wight hits you but does no damage.
You barely miss the wight. The wight hits you but does no damage.
The wight barely misses you.
The wight hits you from afar with an enchanted spear.
* * * LOW HITPOINT WARNING * * *
You closely miss the wight.
The wight hits you but does no damage. x2
You block the wight's attack.
Your shield and scale mail "Zomi" prevent you from hitting the wight.
The wight barely misses you. The wight hits you but does no damage.
The wight hits you with a morningstar.
You die...

#.....<..# .........
#+####........# .#.⌠.⌠.#..
#..$##.......#
.........#####+###...##.......#
.#.....#........# ............#
...._........>..# <...........##.
.#.....#........# ... #.z........
................##z####......)...
.#.⌠.⌠.#........@z........$....$.
.........#########z..............
.#.....#).......##...##...[######
................#....##....#
#........)).....#.....#.....#
#.......))......#.....#.....#
#......##.......#######.../.#
#......##.......## #.....#
#.......#........#


You could see 3 wights.

Vanquished Creatures
  Edmund (D:5)
  Duvessa (D:7)
  2 ice beasts
  2 orc warriors
  A necrophage (D:7)
  An ogre (D:6)
  3 centaurs
  Dowan (D:7)
  3 scorpions
  2 wights (D:7)
  An orc priest (D:6)
  2 hounds
  A gnoll shaman (D:4)
  2 centaur skeletons (D:5)
  A jelly (D:6)
  2 iguanas
  Terence (D:3)
  4 orc wizards
  A worker ant (D:6)
  2 hound skeletons
  A worker ant zombie (D:5)
  Robin (D:2)
  8 adders
  4 gnolls
  An ooze (D:5)
  2 adder zombies
  2 worms (D:3)
  4 dart slugs
  5 leopard geckos
  5 orcs
  9 giant cockroaches
  19 goblins
  10 hobgoblins
  9 jackals
  3 quokkas
  2 ball pythons
  7 bats
  4 frilled lizards
  7 kobolds
  A leopard gecko skeleton (D:3)
  A quokka skeleton (D:6)
  6 rats
145 creatures vanquished.

Vanquished Creatures (others)
  An orc wizard (D:7)
1 creature vanquished.

Grand Total: 146 creatures vanquished

Notes
Turn   | Place    | Note
-------+----------+-------------------------------------------
     0 | D:1      | theAP the Gargoyle Fighter began the quest for the Orb.
     0 | D:1      | Reached XP level 1. HP: 14/14 MP: 1/1
   316 | D:1      | Reached XP level 2. HP: 12/19 MP: 2/2
   497 | D:1      | Reached skill level 3 in Maces & Flails
   611 | D:1      | Reached XP level 3. HP: 17/23 MP: 3/3
  1072 | D:2      | Noticed Robin
  1446 | D:2      | Killed Robin
  1446 | D:2      | Reached XP level 4. HP: 13/29 MP: 4/4
  1744 | D:2      | Found a snail-covered altar of Cheibriados.
  1812 | D:2      | Reached skill level 4 in Maces & Flails
  1836 | D:2      | Found a shimmering altar of Xom.
  2232 | D:3      | Noticed Terence
  2252 | D:3      | Killed Terence
  2264 | D:3      | Reached XP level 5. HP: 24/33 MP: 5/5
  2550 | D:3      | Reached skill level 5 in Maces & Flails
  2621 | D:3      | Found a runed door.
  2621 | D:3      | Noticed a human
  2833 | D:4      | Found a shattered altar of Ashenzari.
  2917 | D:4      | Reached XP level 6. HP: 26/39 MP: 6/6
  2953 | D:4      | Found an ancient bone altar of Kikubaaqudgha.
  3063 | D:4      | Found a bloodstained altar of Trog.
  3076 | D:4      | Noticed an ice beast
  3083 | D:4      | Killed an ice beast
  3083 | D:4      | Reached skill level 5 in Fighting
  3379 | D:4      | Found a glowing golden altar of the Shining One.
  3475 | D:5      | Entered Level 5 of the Dungeon
  3512 | D:5      | Reached skill level 6 in Maces & Flails
  3555 | D:5      | Reached XP level 7. HP: 34/44 MP: 7/7
  3628 | D:5      | Found an iron altar of Okawaru.
  3794 | D:5      | Became a worshipper of Warmaster Okawaru
  4023 | D:5      | Found an opulent altar of Gozag.
  4126 | D:5      | Noticed Edmund
  4138 | D:5      | Killed Edmund
  4138 | D:5      | Reached * piety under Okawaru
  4138 | D:5      | Reached skill level 7 in Maces & Flails
  4519 | D:6      | Found a staircase to the Ecumenical Temple.
  4527 | D:6      | Reached XP level 8. HP: 48/51 MP: 8/8
  4561 | D:6      | Reached skill level 8 in Maces & Flails
  4711 | D:6      | Reached ** piety under Okawaru
  4734 | D:6      | Got a smoking scale mail
  4745 | D:6      | Identified the +0 scale mail "Zomi" {*Drain Str+2 Int+2} (You found it on level 6 of the Dungeon)
  5381 | D:7      | Found a white marble altar of Elyvilon.
  5383 | D:7      | Noticed Duvessa
  5383 | D:7      | Noticed Dowan
  5383 | D:7      | Reached skill level 9 in Maces & Flails
  5405 | D:7      | Killed Duvessa
  5410 | D:7      | Reached XP level 9. HP: 10/57 MP: 9/9
  5415 | D:7      | Killed Dowan
  5415 | D:7      | Reached *** piety under Okawaru
  5737 | D:7      | Reached skill level 10 in Maces & Flails
  5761 | D:7      | Slain by a wight

Vault maps used:
D:1:      scummos_arrival_hexagon
D:2:      kennysheep_slug_shrine, brannock_xom_greatest_gift, first_bread,
          uniq_robin
D:3:      dk_yredelemnul_ordeal, uniq_terence
D:4:      bloody_trog, kiku_gazebo_garden_becter, tso_altar,
          cheibrodos_ashenzari_chains
D:5:      grunt_gozag_breadcrumbs, okawaru_trees_2, st_stairs_7, uniq_edmund
D:6:      minmay_temple_entry_mist
D:7:      kennysheep_mini_moat, elyvilon_altar_5, uniq_duvessa,
          uniq_prince_ribbit1, uniq_menkaure

Skill      XL: |  1  2  3  4  5  6  7  8  9 |
---------------+----------------------------+-----
Maces & Flails | 3 4 5 6 7 9 10 | 10.0
Fighting       | 4 5 6 7 |  7.8
Armour         | |  3.2
Shields        | |  3.2

Action                   |  1- 3 |  4- 6 |  7- 9 || total
-------------------------+-------+-------+-------++-------
Melee: Flail             |   175 |    72 |       ||   247
       Morningstar       |       |   155 |   218 ||   373
  Use: Potion            |       |       |     4 ||     4
  Eat: Chunk             |     2 |     6 |     7 ||    15
       Fruit             |       |     2 |       ||     2
Armor: Scale mail        |   112 |    90 |    96 ||   298
       Chain mail        |       |    46 |    99 ||   145
       Skin              |       |       |    12 ||    12
Dodge: Dodged            |    50 |    67 |    86 ||   203
Block: Shield            |    94 |   112 |   154 ||   360
